 Dungeon Crawl Stone Soup version 0.24-a0-317-g5cb8de4b22 (webtiles) character file.

Game seed: 7827412308090617850

181 HAL9000 the Cutter (level 5, 0/26 HPs)
             Began as a Vine Stalker Assassin on May 16, 2019.
             Slain by a hobgoblin
             ... wielding a +0 club
             ... led by Robin
              (1 damage)
             ... on level 3 of the Dungeon.
             The game lasted 00:05:10 (2347 turns).

HAL9000 the Cutter (Vine Stalker Assassin)          Turns: 2347, Time: 00:05:11

Health: 0/26       AC:  3    Str: 13    XL:     5   Next: 61%
Magic:  0/6        EV: 11    Int: 12    God:
Gold:   104        SH:  0    Dex: 16    Spells: 4/4 levels left

rFire    . . .     SeeInvis .   a - +2 dagger
rCold    . . .     Gourm    .   (no shield)
rNeg     . . .     Faith    .   b - +0 robe
rPois    .         Spirit   +   (no helmet)
rElec    .         Reflect  .   c - +0 cloak
rCorr    .         Harm     .   (no gloves)
MR       .....                  (no boots)
Stlth    +++.......             (no amulet)
HPRegen  0.48/turn              (no ring)
MPRegen  0.10/turn              (no ring)

@: no status effects
A: fangs 2, regeneration 1, magic shield, antimagic bite, no potion heal 3, rot
immunity
a: no special abilities


You were on level 3 of the Dungeon.
You were hungry.

You visited 1 branch of the dungeon, and saw 3 of its levels.

You collected 104 gold pieces.

Inventory:

Hand Weapons
 a - a +2 dagger (weapon)
Missiles
 e - 2 curare-tipped darts
 h - 2 boomerangs
 j - 5 javelins
 m - 8 poisoned darts (quivered)
Armour
 b - a +0 robe (worn)
 c - a +0 cloak (worn)
Scrolls
 g - 3 scrolls of remove curse {unknown}
 i - a scroll of teleportation {unknown}
 k - a scroll of noise {unknown}
 n - 2 scrolls of enchant armour {unknown}
 q - a scroll of fog {unknown}
 r - a scroll of identify
Potions
 l - a potion of flight
 o - a potion of invisibility
 p - a potion of agility
Comestibles
 f - 8 rations


   Skills:
 - Level 1.7 Fighting
 + Level 5.1 Short Blades
 - Level 1.7 Throwing
 - Level 0.7 Dodging
 - Level 4.8 Stealth


You had 4 spell levels left.
You didn't know any spells.
Your spell library was empty.

Dungeon Overview and Level Annotations

Branches:
Dungeon (3/15)

Altars:
Fedhas

Annotations:
D:3 Robin


Innate Abilities, Weirdness & Mutations

You have extremely sharp teeth.
Your natural rate of healing is unusually fast.
When hurt, damage is shared between your health and your magic reserves.
Your bite disrupts and absorbs the magic of your enemies.
Potions cannot restore your health.
You are immune to rotting.


Message History

Unknown command.
You open the door. The hobgoblin barely misses you.
The goblin hits you but does no damage. The goblin closely misses you.
The goblin hits you but does no damage. The hobgoblin hits you with a +0 club.
You hit the hobgoblin. You bite the hobgoblin.
You kill the hobgoblin!
The hobgoblin hits you with a +0 club. The goblin hits you.
* * * LOW HITPOINT WARNING * * *
The hobgoblin hits you with a +0 club.
* * * LOW HITPOINT WARNING * * *
You hit the hobgoblin. You bite the hobgoblin. You drain its power.
You feel invigorated.
The hobgoblin is heavily wounded.
The goblin hits you but does no damage. The goblin closely misses you.
The hobgoblin hits you with a +0 club.
* * * LOW HITPOINT WARNING * * *
The goblin hits you.
* * * LOW HITPOINT WARNING * * *
The hobgoblin hits you with a +0 club.
You die...

#..# #........#
#..####.....(..# #######
#.....#........# #[....#
#.....#........#
#.....####.....#...(....#
#..............+........#
#..........>...#(...)...#
###.....gggg...........####
......g.gg@g..#.###########
.......##g###+#.)..........
.....g. #.........#........
.....gg ####...)..#........
...g... #......##.......
....g.g #......##.......
##....# #####..##.......
##... #####....... #.......


You could see Robin, 5 hobgoblins and 3 goblins.

Vanquished Creatures
  Natasha (D:3)
  4 gnolls
  2 adders
  A worm (D:2)
  A dart slug (D:2)
  3 leopard geckos
  4 orcs (D:3)
  2 ball pythons (D:1)
  4 giant cockroaches
  18 goblins
  9 hobgoblins
  5 jackals (D:1)
  2 quokkas
  5 bats
  4 frilled lizards
  9 kobolds
  10 rats
84 creatures vanquished.

Notes
Turn   | Place    | Note
-------+----------+-------------------------------------------
     0 | D:1      | HAL9000 the Vine Stalker Assassin began the quest for the
                  | Orb.
     0 | D:1      | Reached XP level 1. HP: 11/11 MP: 2/2
    12 | D:1      | Reached skill level 2 in Short Blades
    46 | D:1      | Reached XP level 2. HP: 10/15 MP: 1/3
   336 | D:1      | Reached skill level 3 in Short Blades
   387 | D:1      | Reached XP level 3. HP: 18/18 MP: 4/4
  1058 | D:2      | Found a blossoming altar of Fedhas.
  1223 | D:2      | Gained mutation: Your natural rate of healing is unusually
                  | fast. [Vine Stalker growth]
  1223 | D:2      | Reached XP level 4. HP: 9/23 MP: 3/5
  1357 | D:2      | Reached skill level 4 in Short Blades
  1773 | D:2      | Reached XP level 5. HP: 25/26 MP: 6/6
  2244 | D:3      | Noticed Natasha
  2252 | D:3      | Killed Natasha
  2252 | D:3      | Reached skill level 5 in Short Blades
  2336 | D:3      | Noticed Robin
  2347 | D:3      | HP: 1/26 [goblin[Robin] (1)]
  2347 | D:3      | Slain by a hobgoblin

Levels and vault maps discovered:
D:1:      minmay_arrival_up_and_down, layout_basic
D:2:      kennysheep_the_goblin_king, layout_basic, fedhas_altar_1
D:3:      layout_basic, portal_sewer_entry_e, first_ration, minmay_puff,
          uniq_robin, uniq_natasha

Skill      XL: |  1  2  3  4  5 |
---------------+----------------+-----
Short Blades   | 2 3 4 5 |  5.1
Fighting       | |  1.7
Throwing       | |  1.7
Dodging        | |  0.7
Stealth        | |  4.8

Action                   |  1- 3 |  4- 6 || total
-------------------------+-------+-------++-------
Melee: Dagger            |   105 |   104 ||   209
       Bite              |    27 |    22 ||    49
Throw: Dart              |     8 |     8 ||    16
  Use: Scroll            |       |     5 ||     5
 Stab: Sleeping          |     6 |     9 ||    15
       Distracted        |       |     1 ||     1
  Eat: Chunk             |     1 |     3 ||     4
Armor: Robe              |    20 |    23 ||    43
Dodge: Dodged            |    52 |    41 ||    93

Table legend:
 A = Non-vault XP
 B = Vault XP
 C = Vault XP percentage of total XP
 D = Non-vault monster count
 E = Vault monster count
 F = Vault count percentage of total count
                 A         B        C        D         E       F
            +---------+---------+-------+---------+---------+-------
      Total |     207 |      52 |  20.1 |      74 |      10 |  11.9
            +---------+---------+-------+---------+---------+-------
        D:1 |      64 |       0 |   0.0 |      29 |       0 |   0.0
        D:2 |      99 |      12 |  10.8 |      30 |       7 |  18.9
        D:3 |      44 |      40 |  47.6 |      15 |       3 |  16.7
            +---------+---------+-------+---------+---------+-------
